 Dungeon Crawl Stone Soup version 0.30-a0-879-ga8ba668304 (webtiles) character file.

Game seed: 3316980888310215220

1222 Sobieck the Sneak (level 8, -7/40 HPs)
             Began as a Spriggan Earth Elementalist on Mar 12, 2023.
             Was a Believer of Ashenzari.
             Mangled by a two-headed ogre
             ... wielding a +0 giant club
              (23 damage)
             ... on level 6 of the Dungeon.
             The game lasted 00:18:17 (7140 turns).

Sobieck the Sneak (Spriggan Earth Elementalist)     Turns: 7140, Time: 00:18:18

Health: -7/40      AC:  2    Str:  4    XL:     8   Next: 23%
Magic:  15/17      EV: 20    Int: 17    God:    Ashenzari [**....]
Gold:   142        SH:  0    Dex: 17    Spells: 8/18 levels left

rFire   . . .      SeeInvis +    a - +1 dagger of the Unyielding Gaze {venom, short, Melee, Bglg} (curse)
rCold   . . .      Faith    .    (no shield)
rNeg    . . .      Spirit   .    s - +0 robe "Oracular Mistrust" {Fort, Comp} (curse)
rPois   .          Reflect  .    (helmet restricted)
rElec   .          Rampage  .    (no cloak)
rCorr   +                        (gloves unavailable)
Will    +....                    (boots unavailable)
Stlth   ++++                     D - amulet "Astral Henotheism" {Acrobat, Bglg, Evo} (curse)
HPRegen 0.26/turn                c - ring of resist corrosion
MPRegen 0.15/turn                (no ring)

@: very quick
A: very small, no large weapons, unfitting armour, see invisible, speed 3
a: Renounce Religion, Shatter the Chains


You were on level 6 of the Dungeon.
You worshipped Ashenzari.
Ashenzari was pleased with you.
You visited 2 branches of the dungeon, and saw 7 of its levels.
You also visited: Sewer.

You collected 242 gold pieces.
You spent 100 gold pieces at shops.


Innate Abilities, Weirdness & Mutations

You are very small and have problems with some larger weapons.
You are too small for most types of armour.
You have supernaturally acute eyesight. (SInv)
You cover ground extremely quickly. (Speed+++)


   Skills:
 + Level 3.4 Fighting
 + Level 6.4 Dodging
 + Level 7.3 Stealth
 + Level 5.8 Spellcasting
 - Level 2.0 Transmutations
 + Level 4.7 Earth Magic


You had 8 spell levels left.
You knew the following spells:

 Your Spells              Type           Power      Damage    Failure   Level
a - Sandblast             Erth           42%        2d11      1%          1
b - Passwall              Tmut/Erth      13%        N/A       4%          2
c - Stone Arrow           Conj/Erth      26%        3d8       14%         3
d - Petrify               Tmut/Erth      16%        N/A       32%         4

Your spell library contained the following spells:

 Spells                   Type           Power      Damage    Failure   Level
 Wereblood                Tmut           11%        N/A       9%          2
 Foxfire                  Conj/Fire      20%        2x1d5     13%         1
 Sublimation of Blood     Necr           5%         N/A       19%         2
 Tukima's Dance           Hex            5%         N/A       34%         3
 Passage of Golubria      Tloc           5%         N/A       75%         4
 Yara's Violent Unravell  Hex/Tmut       4%         3d4       93%         5
 Fireball                 Conj/Fire      2%         3d4       98%         5
 Summon Forest            Summ/Tloc      2%         N/A       98%         5
 Summon Mana Viper        Hex/Summ       5%         N/A       98%         5
 Starburst                Conj/Fire      2%         6d3       100%        6
 Summon Cactus Giant      Summ           2%         N/A       100%        6
 Summon Hydra             Summ           2%         N/A       100%        7

Inventory:

Hand Weapons
 a - the cursed +1 dagger of the Unyielding Gaze (weapon) {venom, short, Melee, Bglg}
   (You took it off a goblin on level 2 of the Dungeon)

   It has a curse which improves the following skills: Melee Combat: Short
   Blades, Long Blades, Axes, Maces & Flails, Polearms, Staves and Unarmed
   Combat.
   Beguiling: Conjurations, Hexes and Translocations.
 b - the +7 Throatcutter {drain, coup de grace}
   (You found it on level 3 of the Dungeon)
 e - a +2 short sword of draining {short}
   (You took it off a kobold on level 1 of the Dungeon)
 f - a +0 dagger {short}
   (You took it off a kobold on level 1 of the Dungeon)
 q - a +0 vampiric rapier {short}
   (You found it on level 2 of the Dungeon)
 E - a +1 dagger of holy wrath {short}
   (You found it on level 4 of the Dungeon)
Missiles
 i - 25 poisoned darts {throwing}
 m - 45 stones {throwing}
 p - a curare-tipped dart {=fthrowing}
 B - 4 boomerangs {throwing}
Armour
 s - the cursed +0 robe "Oracular Mistrust" (worn) {Fort, Comp}

   It has a curse which improves the following skills: Fortitude: Armour and
   Shields.
   Companions: Summonings and Necromancy.
 v - a +0 robe
   (You took it off Sigmund on level 3 of the Dungeon)
 J - a +0 robe
   (You took it off an orc wizard on level 5 of the Dungeon)
Jewellery
 c - a ring of resist corrosion (left hand)
   (You found it on level 1 of the Dungeon)
 D - the cursed amulet "Astral Henotheism" (around neck) {Acrobat, Bglg, Evo}
   (You bought it in a shop on level 4 of the Dungeon)

   [amulet of the acrobat]

   It increases your evasion while moving and waiting.
   It has a curse which improves the following skills: Beguiling: Conjurations,
   Hexes and Translocations.
   Evocations: Evocations.
Wands
 w - a wand of polymorph (4)
   (You took it off Sigmund on level 3 of the Dungeon)
Scrolls
 d - 2 scrolls of immolation {!r!r}
 g - 2 scrolls of fog
 h - 8 scrolls of teleportation {@r4}
 l - a scroll of amnesia
 n - 2 scrolls of fear
 o - 8 scrolls of identify {@r1}
 y - a scroll of noise {!r}
 F - a scroll of vulnerability {!r!r}
 G - a scroll of butterflies
 L - a scroll of poison {!r}
Potions
 j - 2 potions of curing {@q1}
 k - 3 potions of might
 r - a potion of lignification {!q}
 t - 4 potions of invisibility
 u - 2 potions of haste {@q3}
 x - a potion of magic
 z - a potion of ambrosia
 A - a potion of brilliance
 C - a potion of attraction {!q}
 H - 2 potions of mutation {!q}
 I - a potion of heal wounds {@q2}
 K - 2 potions of resistance

Dungeon Overview and Level Annotations

Branches:
Dungeon (6/15) Zot: 26552  Temple (1/1) D:4 Zot: 5989   Sewer (visited)

Altars:
Ashenzari
Cheibriados
Dithmenos
Fedhas
Hepliaklqana
Makhleb
Nemelex Xobeh
Qazlal
Sif Muna
Trog
Uskayaw
Wu Jian
Yredelemnul
Zin

Shops:
D:3 (   D:4 *

Annotations:
D:3 Grinder

#>.....#######.#
#.........# #+## *
#.###.###.# #.K.##
#,*##.# #.##....K##
* #.##..#
#.#...K...#* #
#.....###..........*
* ....#
#.................K
.....
#.#>..###..........
...##
#.........#@O.....#
#.##########....$##
* #., * #...## #* ,
*#+## , ,* * * * * ,
, ,* , * * * * ,,, ,


You could see a two-headed ogre (extremely poisoned), a kobold brigand
(wandering) and 3 kobolds.


Message History

You kill the orc!
You open the door.
There is an open door here.
m - 45 stones {throwing} (gained 7)
A jelly comes into view.
Danger!
The helpless jelly fails to defend itself.
You impale the jelly!!
You kill the jelly!
Unknown command.
n - 2 scrolls of fear (gained 1)
A bullfrog comes into view.
Danger!
The helpless bullfrog fails to defend itself.
You impale the bullfrog!!
You kill the bullfrog!
Unknown command.
You see here a bullfrog corpse.
As you open the door, it creaks loudly!
Unknown command.
There is an open door here.
You open the door.
Found a bloodstained altar of Trog.
Unknown command.
There is an open door here.
You open the door.
There is an open door here.
j - 2 potions of curing {@q1} (gained 1) Ashenzari invites you to partake of a vision and a curse of beguiling and evocations.
Your amulet of the acrobat glows black for a moment.
Ashenzari will now reveal the unseen.
Unknown command.
Unknown command.
An adder comes into view.
The adder hisses angrily.
Danger!
The blast of sand hits the adder.
The adder closely misses you.
The blast of sand hits the adder.
The adder misses you. The adder completely misses you.
The blast of sand misses the adder.
The adder bites you. The adder bites you but does no damage.
The blast of sand hits the adder!
You kill the adder!
You can't see any susceptible monsters within range! (Use Z to cast anyway.)
M - a scroll of brand weapon
As you read the scroll of brand weapon, it crumbles to dust.
Your +0 rapier {short} thirsts for the lives of mortals!
q - a +0 vampiric rapier {short} Unknown command.
Unknown command.
Found a stone staircase leading down.
Unknown command.
Found a stone staircase leading down.
A two-headed ogre comes into view. It is wielding two +0 giant clubs.
Danger!
Unknown command.
Unknown command.
Press: ? - help, . - travel You can't see that place. [the floor.] Placed new exclusion.
A kobold comes into view. It is wielding a +0 club.
Danger!
A kobold comes into view. It is wielding a +0 dagger.
Unknown command.
A kobold brigand comes into view.
It is wielding a +0 short sword and quivering poisoned darts.
Unknown command.
Casting: Sandblast (safe; 1% risk of failure)
Confirm with . or Enter, or press ? or * to list all spells.
Aiming: Passwall (safe; 4% risk of failure)
Press: ? - help, Dir - move target A rock wall.
Really passwall into a travel-excluded area?
Okay, then.
Unknown command.
Press: ? - help, . - travel You can't see that place. [the floor.] Reduced exclusion size to a single square.
Removed exclusion.
Casting: Passwall (safe; 4% risk of failure)
Confirm with . or Enter, or press ? or * to list all spells.
Aiming: Passwall (safe; 4% risk of failure)
Press: ? - help, Dir - move target A rock wall.
You begin to meditate on the wall.
You continue meditating on the rock.
The kobold throws a stone.
The stone misses you.
You continue meditating on the rock.
You finish merging with the rock.
Unknown command.
The helpless two-headed ogre fails to defend itself.
You impale the two-headed ogre!!
The two-headed ogre looks as sick as possible!
The kobold shouts!
The two-headed ogre hits you with a +0 giant club!!
Ouch! That really hurt!
* * * LOW HITPOINT WARNING * * *
The two-headed ogre hits you with a +0 giant club!!
Ouch! That really hurt!
You die...

Skill      XL: |  1  2  3  4  5  6  7  8 |
---------------+-------------------------+-----
Dodging        | 3 4 5 6 |  6.4
Spellcasting   | 3 4 5 |  5.8
Transmutations | 2 |  2.0
Fighting       | 1 2 3 |  3.4
Earth Magic    | 3 4 |  4.7
Stealth        | 4 5 6 7 |  7.3

Action                     |  1- 3 |  4- 6 |  7- 9 || total
---------------------------+-------+-------+-------++-------
  Melee: Short sword       |     9 |       |       ||     9
         Dagger            |     9 |    17 |    16 ||    42
         Punch             |       |       |     1 ||     1
   Cast: Sandblast         |    54 |    52 |   124 ||   230
         Passwall          |     5 |    11 |     3 ||    19
 Invoke: Curse Item        |       |       |     3 ||     3
  Evoke: Wand              |       |     1 |       ||     1
    Use: Scroll            |       |       |     1 ||     1
   Stab: Sleeping          |     7 |    10 |     8 ||    25
 Armour: Robe              |     4 |     1 |    11 ||    16
  Dodge: Dodged            |    26 |     8 |   102 ||   136

Levels and vault maps discovered:
D:1:      dpeg_arrival_round_a, layout_loops_ring
D:2:      layout_loops_corners, basic_altar, nrook_mini_vaults,
          grunt_decor_resistance
D:3:      layout_basic, mainiacjoe_overflow_cross_hatched, serial_shops,
          nicolae_shop_hallway_plus, amcnicky_mini_pool_small, uniq_grinder,
          uniq_sigmund, uniq_terence
D:4:      layout_basic, minmay_temple_entry_offerings, serial_shops,
          nicolae_shop_stone
D:5:      layout_basic, mainiacjoe_overflow_six_doors_small, grunt_ministairs_4,
          st_stairs_1, nicolae_elevator_lobby_plus
D:6:      layout_loops_corners, lightli_temple_of_fire, gup_sewer_entry_glass
Temple:   nicolae_temple_ecumenical_triangle

Notes
Turn   | Place    | Note
-------+----------+-------------------------------------------
     0 | D:1      | Sobieck the Spriggan Earth Elementalist began the quest for
                  | the Orb.
     0 | D:1      | Reached XP level 1. HP: 9/9 MP: 5/5
    19 | D:1      | You pick up a book of the Wilderness and begin reading...
    19 | D:1      | You add the spells Summon Forest, Summon Mana Viper and
                  | Summon Cactus Giant to your library.
   203 | D:1      | Reached XP level 2. HP: 8/13 MP: 0/6
   307 | D:1      | Learned a level 2 spell: Passwall
   722 | D:1      | Reached skill level 3 in Dodging
  1166 | D:2      | You fall into a shaft and drop 2 floors!
  1239 | D:4      | Reached skill level 3 in Spellcasting
  1530 | D:2      | Reached XP level 3. HP: 17/17 MP: 6/8
  1607 | D:2      | Reached skill level 2 in Transmutations
  1751 | D:2      | Reached skill level 1 in Fighting
  1760 | D:2      | Reached skill level 3 in Earth Magic
  1826 | D:2      | Found a burning altar of Makhleb.
  2586 | D:3      | Reached XP level 4. HP: 22/22 MP: 6/9
  2674 | D:3      | Noticed Sigmund
  2688 | D:3      | Killed Sigmund
  2689 | D:3      | Reached skill level 4 in Dodging
  2689 | D:3      | Reached skill level 4 in Stealth
  2689 | D:3      | Reached skill level 4 in Spellcasting
  2689 | D:3      | Reached XP level 5. HP: 24/26 MP: 6/12
  2828 | D:3      | Noticed Terence
  2842 | D:3      | Reached skill level 2 in Fighting
  2891 | D:3      | Terence changed into Terence the adder
  2891 | D:3      | Noticed Terence
  2894 | D:3      | Killed Terence the adder
  3048 | D:3      | Found Pus Mocu's Antique Weapon Shop.
  3184 | D:3      | Noticed Grinder
  3273 | D:3      | Found a basalt altar of Yredelemnul.
  3371 | D:3      | HP: 6/25 [Grinder (10)]
  3521 | D:3      | Reached XP level 6. HP: 29/29 MP: 10/13
  3790 | D:4      | Reached skill level 5 in Stealth
  3932 | D:4      | Found Unor's Assorted Antiques.
  3948 | D:4      | Bought a twisted lapis lazuli amulet for 100 gold pieces
  4001 | D:4      | Found a staircase to the Ecumenical Temple.
  4011 | D:4      | You pick up a book of Fire and begin reading...
  4011 | D:4      | You add the spells Foxfire, Fireball and Starburst to your
                  | library.
  4020 | Temple   | Entered the Ecumenical Temple
  4030 | Temple   | Became a worshipper of Ashenzari the Shackled
  4420 | D:5      | Entered Level 5 of the Dungeon
  4487 | D:5      | Reached skill level 5 in Dodging
  4518 | D:5      | Noticed an ice beast
  4548 | D:5      | Killed an ice beast
  4549 | D:5      | Reached skill level 4 in Earth Magic
  4549 | D:5      | Reached XP level 7. HP: 35/35 MP: 8/15
  4669 | D:5      | Found a shadowy altar of Dithmenos.
  5033 | D:5      | Reached skill level 6 in Stealth
  5103 | D:5      | You pick up a book of Blood and begin reading...
  5103 | D:5      | You add the spells Sublimation of Blood, Wereblood and
                  | Summon Hydra to your library.
  5163 | D:5      | Reached skill level 5 in Spellcasting
  5369 | D:5      | You add the spells Tukima's Dance, Passage of Golubria and
                  | Yara's Violent Unravelling to your library.
  5661 | D:6      | Reached skill level 3 in Fighting
  5722 | D:6      | Found a glowing drain.
  5743 | Sewer    | Entered a sewer
  6018 | Sewer    | Reached * piety under Ashenzari
  6318 | Sewer    | Reached skill level 6 in Dodging
  6318 | Sewer    | Reached XP level 8. HP: 35/40 MP: 11/17
  6323 | Sewer    | Reached skill level 7 in Stealth
  6654 | D:6      | Learned a level 3 spell: Stone Arrow
  6659 | D:6      | Learned a level 4 spell: Petrify
  7023 | D:6      | Found a bloodstained altar of Trog.
  7064 | D:6      | Reached ** piety under Ashenzari
  7130 | D:6      | Noticed a two-headed ogre
  7140 | D:6      | Mangled by a two-headed ogre

Vanquished Creatures
  Sigmund (D:3)
  A black bear (D:4)
  An ice beast (D:5)
  An ogre (D:4)
  2 kobold brigands (Sewer)
  A bullfrog (D:6)
  A howler monkey (D:5)
  4 hounds
  2 jellies
  A sleepcap (D:6)
  2 iguanas (D:5)
  An orc wizard (D:5)
  10 adders
  3 river rats (Sewer)
  2 white imps
  2 ufetubi
  2 dart slugs
  10 orcs
  3 endoplasms
  9 giant cockroaches
  7 goblins
  5 hobgoblins
  8 jackals
  20 kobolds
  5 quokkas
  9 ball pythons
  4 bats
  11 frilled lizards
  26 rats
154 creatures vanquished.

Table legend:
 A = Non-vault XP
 B = Vault XP
 C = Vault XP percentage of total XP
 D = Non-vault monster count
 E = Vault monster count
 F = Vault count percentage of total count
                 A         B        C        D         E       F
            +---------+---------+-------+---------+---------+-------
      Total |    1077 |     669 |  38.3 |      93 |      61 |  39.6
            +---------+---------+-------+---------+---------+-------
        D:1 |      29 |       0 |   0.0 |      18 |       0 |   0.0
        D:2 |      55 |       0 |   0.0 |      17 |       0 |   0.0
        D:3 |      52 |     253 |  83.0 |      19 |       2 |   9.5
        D:4 |     270 |       0 |   0.0 |      14 |       0 |   0.0
        D:5 |     363 |      81 |  18.2 |      17 |       4 |  19.0
        D:6 |     308 |      33 |   9.7 |       8 |       5 |  38.5
      Sewer |       0 |     302 | 100.0 |       0 |      50 | 100.0
            +---------+---------+-------+---------+---------+-------

Illustrated notes

Table legend:
 A = Kills in this place as a percentage of kills in the entire game.
 B = Kills by you in this place as a percentage of kills by you in the entire game.
 C = Kills by friends in this place as a percentage of kills by friends in the entire game.
 D = Other kills in this place as a percentage of other kills in the entire game.
 E = Experience gained in this place as a percentage of experience gained in the entire game.
 F = Experience gained in this place divided by the number of levels of this place that you have seen.
                   A       B       C       D       E      F
               +-------+-------+-------+-------+-------+----------------------
         Total | 100.0 | 100.0 |   N/A |   N/A | 100.0 | 218.2
       Dungeon |  67.5 |  67.5 |   N/A |   N/A |  82.7 | 240.7
         Sewer |  32.5 |  32.5 |   N/A |   N/A |  17.3 | 302.0
               +-------+-------+-------+-------+-------+----------------------

Table legend: (Time is in decaauts)
 A = Elapsed time spent in this place.
 B = Non-inter-level travel time spent in this place.
 C = Inter-level travel time spent in this place.
 D = Time resting spent in this place.
 E = Time spent auto-exploring this place.
 F = Levels seen in this place.
 G = Mean time per level.
                   A        B        C        D        E       F      G
               +--------+--------+--------+--------+--------+-----+--------+
         Total |   5292 |   5161 |    131 |    569 |   3477 |   8 |  661.5 |
       Dungeon |   4549 |   4421 |    128 |    393 |   3184 |   6 |  758.2 |
        Temple |     10 |      7 |      3 |      0 |      0 |   1 |   10.0 |
         Sewer |    731 |    731 |      0 |    176 |    292 |   1 |  731.0 |
               +--------+--------+--------+--------+--------+-----+--------+

Top non-repeatable levels by time:
     D:2: 916 daAuts
     D:5: 900 daAuts
     D:3: 865 daAuts
     D:1: 820 daAuts
   Sewer: 731 daAuts
     D:4: 599 daAuts
     D:6: 446 daAuts
  Temple: 10 daAuts
